 Dungeon Crawl Stone Soup version 0.27.0-1-g7a089689b8 (webtiles) character file.

Game seed: 168497984772732619

20720 SkeletonJelly the Envoy of Void (level 12, -7/56 HPs)
             Began as a Spriggan Abyssal Knight on Aug 17, 2021.
             Was a High Priest of Lugonu.
             Mangled by a cane toad (18 damage)
             ... on level 2 of the Lair of Beasts.
             The game lasted 00:53:10 (20375 turns).

SkeletonJelly the Envoy of Void (SpAK)             Turns: 20375, Time: 00:53:10

Health: -7/56      AC:  8    Str:  8    XL:     12   Next: 47%
Magic:  2/25       EV: 22    Int: 19    God:    Lugonu [*****.]
Gold:   780        SH:  0    Dex: 20    Spells: 16/27 levels left

rFire    . . .     SeeInvis +   O - +1 dagger (elec)
rCold    . . .     Faith    .   (shield restricted)
rNeg     . . .     Spirit   .   V - +0 steam dragon scales
rPois    .         Reflect  .   (helmet restricted)
rElec    .         Harm     .   R - +2 cloak
rCorr    .         Rampage  .   (gloves unavailable)
Will     ++...                  (boots unavailable)
Stlth    ++++......             o - amulet of the acrobat
HPRegen  0.18/turn              t - +6 ring of dexterity
MPRegen  0.19/turn              (no ring)

@: very quick
A: very small, no large weapons, unfitting armour, see invisible, speed 3
a: Renounce Religion, Depart the Abyss, Bend Space, Banish, Corrupt, Enter the
Abyss


You were on level 2 of the Lair of Beasts.
You worshipped Lugonu.
Lugonu was extremely pleased with you.
You visited 2 branches of the dungeon, and saw 13 of its levels.
You visited the Abyss 1 time.
You also visited: Sewer and Ossuary.

You collected 780 gold pieces.

Inventory:

Hand Weapons
 a - a +1 short sword
 F - a +3 dagger of chaos
 O - a +1 dagger of electrocution (weapon)
 Q - the +1 long sword "Hoeter" {spect, Stlth+}
   (You found it on level 7 of the Dungeon)

   When its wielder attacks, the weapon's spirit leaps out and strikes again.
   The spirit shares a part of any damage it takes with its wielder.
   Stlth:     It makes you more stealthy.
 S - the +1 scimitar "Ostraix" {drain, rElec rPois MP+9}
   (You took it off a kobold on level 9 of the Dungeon)

   A truly terrible weapon, it drains the life of any living foe it strikes.
   rElec:     It insulates you from electricity.
   rPois:     It protects you from poison.
   MP:        It affects your magic capacity (+9).
Missiles
 b - 20 poisoned darts (quivered)
 D - 7 boomerangs of dispersal
Armour
 G - a +2 robe of the Archmagi
 P - +0 acid dragon scales
 R - a +2 cloak (worn)
 V - +0 steam dragon scales (worn)
Jewellery
 o - an amulet of the acrobat (around neck)
 t - a +6 ring of dexterity (left hand)
 U - a ring of ice
Wands
 p - a wand of flame (30)
 C - a wand of mindburst (26)
 E - a wand of iceblast (32)
 I - a wand of paralysis (12)
 N - a wand of acid (22)
 W - a wand of polymorph (14)
Scrolls
 d - 8 scrolls of identify
 e - 3 scrolls of amnesia {unknown}
 f - 3 scrolls of magic mapping
 g - 3 scrolls of vulnerability {unknown}
 h - 3 scrolls of silence {unknown}
 j - 6 scrolls of fog {unknown}
 k - 2 scrolls of noise {unknown}
 l - a scroll of acquirement {unknown}
 m - 11 scrolls of teleportation
 n - 6 scrolls of enchant weapon {unknown}
 s - a scroll of brand weapon {unknown}
 x - a scroll of fear {unknown}
 y - a scroll of summoning
 A - a scroll of immolation {unknown}
 K - 2 scrolls of blinking {unknown}
 L - 2 scrolls of torment {unknown}
 M - a scroll of holy word {unknown}
Potions
 c - 5 potions of might
 i - 3 potions of resistance
 q - 5 potions of flight
 r - 4 potions of magic {unknown}
 u - 5 potions of haste
 v - a potion of invisibility {unknown}
 w - a potion of heal wounds {unknown}
 z - 2 potions of ambrosia {unknown}
 B - 4 potions of lignification {unknown}
 H - a potion of brilliance {unknown}
 J - 5 potions of curing
 T - 3 potions of degeneration {unknown}
 X - a potion of mutation {unknown}


   Skills:
 - Level 2.4 Fighting
 - Level 8.6 Short Blades
 - Level 7.0 Dodging
 - Level 9.0 Stealth
 - Level 8.4 Spellcasting
 - Level 8.0 Hexes
 - Level 6.0 Transmutations
 - Level 4.0 Fire Magic
 - Level 3.0 Air Magic
 - Level 7.1 Poison Magic
 + Level 11.2 Invocations


You had 16 spell levels left.
You knew the following spells:

 Your Spells              Type           Power      Damage    Failure   Level
a - Poisonous Vapours     Pois/Air       54%        N/A       1%          2
q - Ignite Poison         Fire/Tmut/Pois 29%        N/A       2%          3
s - Ensorcelled Hibernat  Hex/Ice        46%        N/A       2%          2
x - Olgreb's Toxic Radia  Pois           35%        N/A       4%          4

Your spell library contained the following spells:

 Spells                   Type           Power      Damage    Failure   Level
 Corona                   Hex            42%        N/A       1%          1
 Sting                    Tmut/Pois      100%       1d8       1%          1
 Tukima's Dance           Hex            38%        N/A       1%          3
 Conjure Flame            Conj/Fire      15%        6-21      12%         3
 Yara's Violent Unravell  Hex/Tmut       17%        3d8       14%         5
 Sticky Flame             Conj/Fire      15%        2d4       36%         4
 Passage of Golubria      Tloc           N/A        N/A       65%         4
 Iskenderun's Battlesphe  Conj           7%         2d6       94%         5
 Iron Shot                Conj/Erth      3%         9d2       100%        6
 Spellforged Servitor     Conj/Summ      3%         N/A       100%        7


Dungeon Overview and Level Annotations

Branches:
Dungeon (11/15)            Temple (0/1) D:5            Lair (2/6) D:11
    Orc (0/2) D:11          Sewer (visited)         Ossuary (visited)
  Swamp: Lair:2-4    Shoals: Lair:2-4     Snake: Lair:2-4    Spider: Lair:2-4

Altars:
Fedhas
Kikubaaqudgha
Beogh

Shops:
D:2 :   D:8 *

Annotations:
D:3 2 transporters
D:6 4 runed translucent doors, Crazy Yiuf; Thraspic's ghost, weakling SpDe
D:8 3 runed translucent doors, SkeletonJelly's ghost, novice MiGl
Lair:1 2 transporters
Abyss:1 Grinder


Innate Abilities, Weirdness & Mutations

You are very small and have problems with some larger weapons.
You are too small for most types of armour.
You have supernaturally acute eyesight. (SInv)
You cover ground extremely quickly. (Speed+++)


Message History

The water moccasin bites you but does no damage.
Casting: Olgreb's Toxic Radiance (dangerous; 4% risk of failure)
Confirm with . or Enter, or press ? or * to list all spells.
Your toxic radiance grows in intensity.
The yak looks even sicker.
Harold looks even sicker.
The yak looks even sicker.
The water moccasin barely misses you. Harold barely misses you.
The water moccasin completely misses you.
Casting: Olgreb's Toxic Radiance (dangerous; 4% risk of failure)
Confirm with . or Enter, or press ? or * to list all spells.
Your toxic radiance grows in intensity.
The yak looks as sick as possible!
The yak looks even sicker.
The yak looks as sick as possible! x2
Harold misses you.
The water moccasin completely misses you.
Casting: Olgreb's Toxic Radiance (dangerous; 4% risk of failure)
Confirm with . or Enter, or press ? or * to list all spells.
You ignite the poison in your surroundings!
Harold seems to burn from within!
Harold is moderately wounded.
The yak seems to burn from within!!!
You kill the yak!
Lugonu accepts your kill.
The yak seems to burn from within!!!
You kill the yak!
Lugonu accepts your kill.
The yak seems to burn from within!!!
You kill the yak!
Lugonu accepts your kill.
Harold is poisoned.
The water moccasin bites you. Harold hits you with a +0 hand axe.
The water moccasin closely misses you.
Harold throws a throwing net.
The throwing net completely misses you.
Aiming: Iceblast
Press: ? - help, Shift-Dir - straight line, f - water moccasin
Aim: a water moccasin The mass of ice explodes!
The iceblast engulfs the water moccasin!
The water moccasin is heavily wounded.
The iceblast engulfs the cane toad!
The cane toad is moderately wounded.
The iceblast engulfs the plant!
The plant begins to die.
The plant is lightly damaged.
The iceblast engulfs Harold!
Harold is heavily wounded.
You hear a bellow! x3
The water moccasin bites you but does no damage.
Harold looks even sicker.
Harold looks even sicker.
Aiming: Mindburst
Press: ? - help, Shift-Dir - straight line, f/p - water moccasin
Aim: a water moccasin (heavily wounded, chance to affect: 65%)
The water moccasin's mind is blasted!
Your toxic aura wanes.
A nearby plant withers and dies.
The water moccasin closely misses you.
Aiming: Mindburst
Press: ? - help, Shift-Dir - straight line, f/p - water moccasin
Aim: a water moccasin (almost dead, chance to affect: 65%)
The water moccasin struggles to resist.
The water moccasin misses you.
Aiming: Iceblast
Press: ? - help, Shift-Dir - straight line, f/p - water moccasin
Aim: a water moccasin (almost dead)
The mass of ice explodes!
The iceblast engulfs the water moccasin!
You kill the water moccasin!
Lugonu accepts your kill.
The iceblast engulfs the cane toad!
The cane toad is heavily wounded.
The iceblast engulfs Harold.
Harold is severely wounded.
You hear a bellow! x2
Training target 8.0 for Hexes reached!
Your Hexes skill increases to level 8!
The cane toad stings you! Harold casts a spell at you.
You barely resist.
Aiming: Mindburst
Press: ? - help, Shift-Dir - straight line, f - Harold
Aim: Harold, wielding a +0 hand axe, wearing a +0 chain mail and carrying a wand of polymorph (10) (severely wounded, very poisoned, chance to affect: 30%) Harold's mind is blasted!!
You kill Harold!
Lugonu accepts your kill.
Your Invocations skill increases to level 11!
Casting: Ignite Poison (dangerous; 2% risk of failure)
Confirm with . or Enter, or press ? or * to list all spells.
Aiming: Ensorcelled Hibernation (safe; 2% risk of failure)
Press: ? - help, Shift-Dir - straight line, f - cane toad
Aim: a cane toad (heavily wounded, chance to affect: 52%)
The cane toad resists with some effort.
The cane toad stings you!
Casting: Ensorcelled Hibernation (safe; 2% risk of failure)
Confirm with . or Enter, or press ? or * to list all spells.
Aiming: Ensorcelled Hibernation (safe; 2% risk of failure)
Press: ? - help, Shift-Dir - straight line, f/p - cane toad
Aim: a cane toad (heavily wounded, chance to affect: 52%)
The cane toad resists with some effort.
The cane toad stings you!
* * * LOW HITPOINT WARNING * * *
You are lethally poisoned!
The cane toad poisons you!
You feel better. The cane toad barely misses you.
You hit the fungus.
The fungus begins to die.
The fungus is lightly damaged.
The cane toad stings you!!
You die...

#............†
#..........#..
##...........##
#............##
####......(......#
#.................
###.#.......)......P
##.#.F#..............
##.#.@#...............
####....P##..............
#.#......###............#
###.......###..........###
#..........##........#.#
#..........###...##.####
#...........#########
#............## #####
#.............## #####.P..


You could see a cane toad.

Vanquished Creatures
  Harold (Lair:2)
  Erolcha (D:9)
  A hydra (D:10)
  A centaur warrior (D:10)
  A two-headed ogre (D:11)
  A large abomination (Abyss:2)
  An ugly thing (D:11)
  6 elephants (Lair:2)
  Joseph (D:7)
  Maurice (D:8)
  A black mamba (Lair:1)
  Maggie (D:7)
  Psyche (D:9)
  7 cane toads (Lair:1)
  An unseen horror (D:8)
  5 komodo dragons
  2 shadows (D:11)
  A ynoxinul (Abyss:2)
  2 wraiths
  7 yaks (Lair:2)
  A steam dragon (D:10)
  Grum (D:10)
  2 vampire mosquitoes (D:11)
  2 swamp worms (D:7)
  An acid dragon (D:9)
  4 water moccasins
  2 black bears
  An ice beast (D:6)
  3 ogres
  3 orc warriors
  7 wolves
  6 centaurs
  A phantom (D:5)
  A kobold brigand (D:8)
  Blork the orc (D:4)
  6 bullfrogs
  A wyvern zombie (D:5)
  A scorpion (D:5)
  4 howler monkeys
  3 gnoll shamans
  4 centaur zombies
  5 hounds
  A bullfrog skeleton (D:6)
  6 orc priests
  2 jellies
  3 centaur skeletons
  3 iguanas
  A scorpion zombie (D:5)
  10 orc wizards
  2 killer bee zombies
  A hound skeleton (D:5)
  13 mummies
  3 howler monkey zombies
  12 gnolls
  9 adders
  5 river rats (Sewer)
  A shadow imp (D:7)
  A white imp (D:8)
  2 adder skeletons (D:4)
  2 worms
  A dart slug (D:5)
  79 orcs
  14 ball pythons
  2 bats
  7 endoplasms
  9 giant cockroaches
  7 goblins
  8 hobgoblins
  6 jackals
  9 kobolds
  3 quokkas
  6 frilled lizards
  3 gnoll skeletons (Ossuary)
  A goblin skeleton (Ossuary)
  A hobgoblin zombie (D:6)
  3 kobold skeletons (Ossuary)
  A kobold zombie (D:6)
  An orc skeleton (Ossuary)
  26 rats
  11 rat skeletons (Ossuary)
  A lurking horror (Abyss:2)
379 creatures vanquished.

Vanquished Creatures (collateral kills)
  A bullfrog (Sewer)
1 creature vanquished.

Vanquished Creatures (others)
  A human (D:3)
  11 fungi
  6 plants
18 creatures vanquished.

Grand Total: 398 creatures vanquished

Notes
Turn   | Place    | Note
-------+----------+-------------------------------------------
     0 | Abyss:1  | SkeletonJelly the Spriggan Abyssal Knight began the quest
                  | for the Orb.
     0 | Abyss:1  | Reached XP level 1. HP: 11/11 MP: 3/3
    47 | Abyss:1  | Found a corrupted altar of Lugonu.
    73 | Abyss:2  | Noticed a ynoxinul
    93 | Abyss:2  | Killed a ynoxinul
    94 | Abyss:2  | Reached skill level 5 in Stealth
    94 | Abyss:2  | Reached XP level 2. HP: 16/16 MP: 4/4
    94 | Abyss:2  | Reached XP level 3. HP: 19/19 MP: 5/5
    94 | Abyss:2  | Reached XP level 4. HP: 23/23 MP: 6/6
    94 | Abyss:2  | Reached XP level 5. HP: 27/27 MP: 7/7
   105 | Abyss:2  | Noticed a large abomination
   115 | Abyss:2  | Killed a large abomination
   116 | Abyss:2  | Reached XP level 6. HP: 29/32 MP: 8/8
   116 | Abyss:2  | Reached XP level 7. HP: 31/35 MP: 9/9
   135 | Abyss:2  | Noticed a thrashing horror
   148 | Abyss:2  | Noticed a raiju
   159 | Abyss:2  | Noticed a tentacled starspawn
   170 | Abyss:2  | Noticed a spatial maelstrom
   201 | Abyss:2  | Noticed a basilisk
   208 | Abyss:2  | Noticed a starcursed mass
   211 | Abyss:2  | Noticed a worldbinder
   211 | Abyss:2  | Noticed a tentacled starspawn
   214 | Abyss:2  | Noticed a large abomination
   224 | Abyss:2  | Noticed a thrashing horror
   225 | Abyss:2  | Noticed a spriggan
   242 | D:1      | Escaped the Abyss
   677 | D:1      | Reached * piety under Lugonu
  1610 | D:2      | Found Osameuh's Book Shoppe.
  1890 | D:2      | Found a faded altar of an unknown god.
  2372 | D:3      | Reached ** piety under Lugonu
  2476 | D:3      | Found a transporter.
  2476 | D:3      | Found a transporter.
  2595 | D:3      | Found an ancient bone altar of Kikubaaqudgha.
  2598 | D:3      | Noticed a human
  2599 | D:3      | Killed a human
  3076 | D:4      | Found a glowing drain.
  3098 | Sewer    | Entered a sewer
  4175 | Sewer    | Reached *** piety under Lugonu
  4736 | Sewer    | Reached skill level 5 in Dodging
  4736 | Sewer    | Reached XP level 8. HP: 8/39 MP: 7/10
  5534 | D:4      | Noticed Grinder
  5543 | D:4      | Banished Grinder
  5922 | D:4      | Noticed Blork the orc
  5925 | D:4      | Killed Blork the orc
  6114 | D:4      | Learned a level 2 spell: Poisonous Vapours
  6134 | D:5      | Entered Level 5 of the Dungeon
  6342 | D:5      | Reached skill level 1 in Spellcasting
  6342 | D:5      | Reached skill level 1 in Poison Magic
  6702 | D:5      | Reached skill level 1 in Air Magic
  7329 | D:5      | Found a staircase to the Ecumenical Temple.
  7855 | D:5      | Reached XP level 9. HP: 43/43 MP: 13/13
  8002 | D:6      | Found a sand-covered staircase.
  8007 | Ossuary  | Entered an ossuary
  8537 | D:6      | Identified the +5 scale mail of Beogh's Whim {Rampage Str+2
                  | Dex+3}
  8682 | D:6      | Reached **** piety under Lugonu
  8884 | D:6      | Found a blossoming altar of Fedhas.
  9168 | D:6      | Found a runed translucent gate.
  9301 | D:6      | Found a runed translucent gate.
  9301 | D:6      | Found a runed translucent gate.
  9303 | D:6      | Noticed Thraspic's ghost (weakling SpDe)
  9338 | D:6      | Found a runed translucent door.
  9339 | D:6      | Noticed Crazy Yiuf
 10150 | D:7      | Noticed Joseph
 10157 | D:7      | Reached skill level 5 in Poison Magic
 10163 | D:7      | Killed Joseph
 10362 | D:7      | Noticed Maggie
 10383 | D:7      | Reached skill level 5 in Spellcasting
 10386 | D:7      | Killed Maggie
 11166 | D:7      | Reached XP level 10. HP: 47/47 MP: 20/20
 11350 | D:7      | Reached skill level 2 in Invocations
 11551 | D:7      | Identified the +1 long sword "Hoeter" {spect, Stlth+}
 11667 | D:8      | Noticed Maurice
 11676 | D:8      | Killed Maurice
 11677 | D:8      | Reached skill level 3 in Invocations
 11862 | D:8      | Found a runed translucent gate.
 11862 | D:8      | Found a runed translucent gate.
 11872 | D:8      | Found Pubycoh's General Store.
 12075 | D:8      | Reached skill level 4 in Invocations
 12648 | D:8      | Found a runed translucent gate.
 12819 | D:8      | Noticed SkeletonJelly's ghost (novice MiGl)
 13483 | D:9      | Noticed Psyche
 13567 | D:9      | Killed Psyche
 13567 | D:9      | Reached ***** piety under Lugonu
 13568 | D:9      | Reached skill level 5 in Invocations
 14235 | D:9      | Identified the +1 scimitar "Ostraix" {drain, rElec rPois
                  | MP+9}
 14517 | D:9      | Noticed Erolcha
 14547 | D:9      | Killed Erolcha
 14548 | D:9      | Reached skill level 6 in Invocations
 15124 | D:10     | Entered Level 10 of the Dungeon
 15152 | D:10     | Reached skill level 7 in Invocations
 15169 | D:10     | Learned a level 2 spell: Ensorcelled Hibernation
 15416 | D:10     | Noticed a centaur warrior
 15421 | D:10     | Killed a centaur warrior
 15422 | D:10     | Reached XP level 11. HP: 51/51 MP: 24/24
 15502 | D:10     | Noticed Grum
 15517 | D:10     | Killed Grum
 15518 | D:10     | Reached skill level 8 in Invocations
 15673 | D:10     | Noticed a fire dragon
 15680 | D:10     | Banished a fire dragon
 16025 | D:10     | Noticed a six-headed hydra
 16035 | D:10     | Killed a six-headed hydra
 16036 | D:10     | Reached skill level 9 in Invocations
 16510 | D:11     | Learned a level 4 spell: Olgreb's Toxic Radiance
 16514 | D:11     | Learned a level 3 spell: Ignite Poison
 16883 | D:11     | Found a staircase to the Orcish Mines.
 16969 | D:11     | Reached skill level 5 in Hexes
 17223 | D:11     | Noticed a two-headed ogre
 17247 | D:11     | Killed a two-headed ogre
 17523 | D:11     | Found a staircase to the Lair.
 17641 | D:11     | Reached skill level 1 in Transmutations
 17834 | D:11     | Noticed a green ugly thing
 17838 | D:11     | Killed a green ugly thing
 17839 | D:11     | Reached skill level 1 in Fire Magic
 18217 | Lair:1   | Entered Level 1 of the Lair of Beasts
 18295 | Lair:1   | Found a transporter.
 18539 | Lair:1   | Reached skill level 5 in Transmutations
 18761 | Lair:1   | Reached XP level 12. HP: 56/56 MP: 13/25
 19194 | Lair:1   | Reached skill level 10 in Invocations
 19232 | Lair:1   | Found a transporter.
 20344 | Lair:2   | Noticed Harold
 20367 | Lair:2   | Killed Harold
 20368 | Lair:2   | Reached skill level 11 in Invocations
 20375 | Lair:2   | Mangled by a cane toad

Illustrated notes

Levels and vault maps discovered:
D:1:      grunt_arrival_lava_bath, layout_rooms, minmay_pentomino_u2
D:2:      layout_basic, serial_shops, nicolae_shop_window_shopping,
          shapermc_ecumenical_altar_mp_vishouse, chequers_serial_rivers_large_a
D:3:      gammafunk_wand_slinger, layout_basic, tgw_kikubaaqudgha,
          grunt_ministairs_13
D:4:      layout_cave_pools, nicolae_overflow_hidden_temple,
          portal_sewer_entry_f, uniq_blork_the_orc, uniq_grinder
D:5:      layout_loops_corners, minmay_temple_entry_poolview, serial_aquarium,
          aquarium_bridge_long_joined [aquarium_subvault_window,
          aquarium_subvault_wall, aquarium_subvault_bridge,
          aquarium_subvault_bridge, aquarium_subvault_wall,
          aquarium_subvault_bridge], aquarium_bridge_square
          [aquarium_subvault_window, aquarium_subvault_window,
          aquarium_subvault_bridge, aquarium_subvault_bridge],
          aquarium_window_1, aquarium_window_fake, aquarium_view_2a,
          aquarium_view_2d, aquarium_pool_S, minmay_circle_x
D:6:      layout_loops_ring, mainiacjoe_overflow_cross_hatched, serial_glass,
          glass_columns_a, glass_columns_b, gammafunk_ghost_necromancy,
          nicolae_ossuary_entry_giza, uniq_crazy_yiuf_cottage
D:7:      layout_loops_ring, worms_lemuel, uniq_maggie, uniq_joseph
D:8:      layout_basic, serial_shops, shop, special_room [special_room_orc],
          gammafunk_ghost_icy, uniq_maurice
D:9:      layout_rooms, uniq_erolcha, uniq_psyche
D:10:     layout_loops_cross, uniq_grum
D:11:     layout_basic, lair_entry_dummy, hiddenorc2_lemuel,
          minmay_misc_feat_chi
Lair:1:   gammafunk_cloud_chamber, layout_cave_pods
Lair:2:   layout_cave_pods, cheibrodos_lair_reptile_den, uniq_harold

Skill      XL: |  1  2  3  4  5  6  7  8  9 10 11 12 |
---------------+-------------------------------------+-----
Short Blades   | 4 6 7 8 |  8.6
Stealth        | 5 9 |  9.0
Dodging        | 5 7 |  7.0
Spellcasting   | 2 6 8 |  8.4
Poison Magic   | 3 7 |  7.1
Air Magic      | 1 3 |  3.0
Invocations    | 7 9 11 | 11.2
Hexes          | 2 5 8 |  8.0
Transmutations | 5 6 |  6.0
Fire Magic     | 3 4 |  4.0
Fighting       | |  2.4

Action                   |  1- 3 |  4- 6 |  7- 9 | 10-12 || total
-------------------------+-------+-------+-------+-------++-------
Melee: Short sword       |       |       |   750 |       ||   750
       Dagger            |       |       |    60 |   487 ||   547
Throw: Dart              |       |       |       |     2 ||     2
 Cast: Poisonous Vapours |       |       |    22 |    73 ||    95
       Ensorcelled Hiber |       |       |       |    23 ||    23
       Olgreb's Toxic Ra |       |       |       |    27 ||    27
       Ignite Poison     |       |       |       |    20 ||    20
Invok: Bend Space        |       |       |     6 |       ||     6
       Depart the Abyss  |       |       |     1 |       ||     1
       Banish            |       |       |     4 |     1 ||     5
Evoke: Wand              |     2 |     5 |    39 |    26 ||    72
  Use: Scroll            |       |       |     4 |       ||     4
       Potion            |       |       |     3 |     1 ||     4
 Stab: Sleeping          |       |       |    49 |    21 ||    70
       Distracted        |       |       |     5 |     2 ||     7
       Paralysed         |       |       |     1 |       ||     1
Armor: Robe              |       |       |    48 |       ||    48
       Acid dragon scale |       |       |     1 |    50 ||    51
       Steam dragon scal |       |       |       |    46 ||    46
Dodge: Dodged            |       |       |   685 |   414 ||  1099
